 Dungeon Crawl Stone Soup version 0.31-a0-1008-g5b978dac0e (webtiles) character file.

Game seed: 14829823809706073294

5 Chiseanne the Sneak (level 1, -7/11 HPs)
             Began as a Spriggan Delver on Nov 12, 2023.
             Killed from afar by Ijyb (16 damage)
             ... with a bolt of light
             ... on level 4 of the Dungeon.
             The game lasted 00:02:38 (410 turns).

Chiseanne the Sneak (Spriggan Delver)                Turns: 410, Time: 00:02:39

Health: -7/11      AC:  2    Str:  8    XL:     1   Next: 66%
Magic:  2/2        EV: 17    Int: 11    God:
Gold:   33         SH:  0    Dex: 16    Spells: 0/0 levels left

rFire   . . .        a - +0 short sword
rCold   . . .        (no shield)
rNeg    . . .        b - +0 robe
rPois   .            (helmet restricted)
rElec   .            (no cloak)
rCorr   .            (gloves unavailable)
SInv    +            (boots unavailable)
Will    .....        (no amulet)
Stlth   ++++         (no ring)
HPRegen 0.21/turn    (no ring)
MPRegen 0.08/turn

%: no passive effects
@: hasted, very quick
A: very small, no large weapons, unfitting armour, see invisible, speed 3
a: no special abilities


You were on level 4 of the Dungeon.
You visited 1 branch of the dungeon, and saw 2 of its levels.

You collected 33 gold pieces.

Inventory:

Hand Weapons
 a - a +0 short sword (weapon)
Missiles
 h - 4 stones
Armour
 b - a +0 robe (worn)
Wands
 g - a wand of digging (3)
Scrolls
 c - a scroll of fog
 d - a scroll of identify
 e - 4 scrolls of fear
Potions
 i - a potion of brilliance


   Skills:
 - Level 2.4 Fighting
 - Level 2.2 Short Blades
 + Level 2.9 Dodging
 * Level 7.5 Stealth


You couldn't memorise any spells.
You didn't know any spells.
Your spell library contained the following spells:

 Spells                   Type           Power      Damage    Failure   Level
 Slow                     Hex            0%         N/A       34%         1
 Confusing Touch          Hex            0%         N/A       71%         3
 Sigil of Binding         Hex            0%         N/A       71%         3
 Vampiric Draining        Necr           0%         2d6       71%         3


Dungeon Overview and Level Annotations

Branches:
Dungeon (5/15)
 Temple: D:4-7

Altars:

Annotations:
D:4 Ijyb
D:5 1 transporter


Innate Abilities, Weirdness & Mutations

You are very small and have problems with some larger weapons.
You are too small for most types of armour.
You have supernaturally acute eyesight. (SInv)
You cover ground extremely quickly. (Speed+++)


Message History

It is a scroll of identify.
i - a potion of brilliance
As you read the scroll labelled SOVVES NO VAFA, it crumbles to dust.
The air around you briefly surges with heat, but it dissipates.
It was a scroll of immolation.
Found a ring mail.
Found a scroll of identify.
d - a scroll of identify
Okay, then.
There is a stone staircase leading up here.
You climb upwards.
You hear the sound of rushing water.
There is an entrance to a sewer on this level.
Hurry and find it before the portal rusts away!
Level annotation: Ijyb You hear the slow rusting of a very distant drain.
Found 4 stones.
There is a stone staircase leading down here.
h - 4 stones
Found a scroll labelled XIECEZUDOR.
Ijyb screams, "Get away!"
You feel yourself speed up. Ijyb hits you with a +0 club.
You hit Ijyb but do no damage. You hit Ijyb.
Ijyb is lightly wounded.
Ijyb closely misses you.
You hit Ijyb but do no damage.
Ijyb is lightly wounded.
You hit Ijyb.
Ijyb is lightly wounded.
Ijyb closely misses you.
You hit Ijyb but do no damage.
Ijyb is lightly wounded.
Ijyb misses you.
You hit Ijyb but do no damage.
Ijyb is lightly wounded.
You hit Ijyb but do no damage.
Ijyb is lightly wounded.
Ijyb zaps a wand.
The bolt of light hits you!
Ouch! That really hurt!
You die...

#..,,,..# *,* *,* *,* #.#***#.#
*,* *,* *,* ##.#####.# ***,* *,*
*,** .......#.# *,*.#**,*****,,,
#......#.#########....,*,,,,,,,**
......................,,>****,,**
....####.#####.###.#.,,*,,,,,,,,,
#.### #.#####.###.#.#.#,*,,,,,**
#.# #........@g..........,....
#.#****#....r......=........,....
#.#*,,,........####..#.#.#.##..#.
...+,,,.........,..,.............
###*,,,...##....,...,#.#.........
,,,,,,,.......?.,....#.#.........
*****,*#####...r~~..r............
*,* #..~~~~~r.w......g#,,, *,*
*,,~~∩~~..#.#.#...#,,.


You could see Ijyb and a rat.

Vanquished Creatures
  A dart slug (D:5)
  2 quokkas
3 creatures vanquished.

Notes
Turn   | Place    | Note
-------+----------+-------------------------------------------
     0 | D:5      | Chiseanne the Spriggan Delver began the quest for the Orb.
     0 | D:5      | Reached XP level 1. HP: 11/11 MP: 2/2
     0 | D:5      | Chiseanne: this shit is so rigges
     0 | D:5      | Chiseanne: rigged
    28 | D:5      | Noticed a jelly
   101 | D:5      | Found a transporter.
   104 | D:5      | Noticed a kobold brigand
   176 | D:4      | Noticed Ijyb
   410 | D:4      | Killed from afar by Ijyb

Illustrated notes

Levels and vault maps discovered:
D:4:      layout_basic, portal_sewer_entry_a, uniq_blork_the_orc, uniq_pikel,
          uniq_ijyb, uniq_crazy_yiuf_cottage
D:5:      layout_basic, gammafunk_ghost_abyssal_escape

Action                     || total
---------------------------++-------
  Melee: Short sword       ||    18
    Use: Scroll            ||     3
         Potion            ||     1
   Stab: Sleeping          ||     1
 Armour: Robe              ||     4
  Dodge: Dodged            ||    12

Table legend: (Time is in decaauts)
 A = Elapsed time spent in this place.
 B = Non-inter-level travel time spent in this place.
 C = Inter-level travel time spent in this place.
 D = Time resting spent in this place.
 E = Time spent auto-exploring this place.
 F = Levels seen in this place.
 G = Mean time per level.
                   A        B        C        D        E       F      G
               +--------+--------+--------+--------+--------+-----+--------+
         Total |    257 |    257 |      0 |      0 |      0 |   2 |  128.5 |
       Dungeon |    257 |    257 |      0 |      0 |      0 |   2 |  128.5 |
               +--------+--------+--------+--------+--------+-----+--------+

Top non-repeatable levels by time:
     D:5: 179 daAuts
     D:4: 77 daAuts
